AoeStats
← JLoos

Arabia

510004248Analyzed
2v2 RM · 4d ago on Sep 29, 2026· 68m 35s· 4 players
Game mode
Random Map
Map size
Medium (4 player)
Population
200
Speed
Normal
Resources
Standard
Victory
Conquest
Starting age
Dark Age
Ending age
Imperial Age
RankedLock teamsTeams togetherTeam positionsShared explorationLock speedFull tech treeHidden civsTurbo modeCheats
Victory
Defeat
🇨🇴 Hindustanis · Colombia
901
+17
🇨🇴 Huns · Colombia
830
+19
🇧🇷 Mongols · Brazil
912
-18
🇧🇷 Magyars · Brazil
907
-18
DarkMagician26
11:23 Feudal Age
10:37 Loom
23:01 Castle Age
25:06 Wheelbarrow
24:18 Town Watch
25:29 Double-Bit Axe
29:12 Masonry
28:59 Pikeman
30:10 Squires
29:56 Arson
32:26 Ballistics
36:56 Imperial Age
36:47 Horse Collar
37:21 Bow Saw
37:04 Stone Mining
37:06 Gold Mining
37:33 Hand Cart
37:18 Town Patrol
37:22 Padded Archer Armor
37:12 Fletching
37:45 Scale Barding Armor
37:45 Scale Mail Armor
38:02 Forging
38:50 Conscription
39:34 Heavy Plow
41:10 Two-Man Saw
40:43 Leather Archer Armor
40:24 Bodkin Arrow
40:49 Chain Barding Armor
40:46 Chain Mail Armor
41:25 Crossbowman
42:13 Thumb Ring
41:49 Light Cavalry
42:40 Bloodlines
42:32 Husbandry
45:51 Iron Casting
45:51 Plate Barding Armor
45:16 Bracer
51:59 Gold Shaft Mining
52:28 Blast Furnace
52:19 Atheism
53:02 Hussar
55:11 Elite Skirmisher
58:49 Chemistry
57:45 Murder Holes
fabadaro10
5:08 Loom
9:15 Feudal Age
9:48 Double-Bit Axe
13:50 Town Watch
16:33 Wheelbarrow
20:00 Castle Age
18:57 Forging
18:41 Gold Mining
19:36 Bloodlines
19:58 Scale Barding Armor
21:23 Iron Casting
21:22 Husbandry
22:04 Town Watch
27:07 Hand Cart
28:05 Stone Mining
28:20 Horse Collar
28:53 Bow Saw
31:07 Padded Archer Armor
31:35 Chain Barding Armor
37:46 Imperial Age
36:39 Gold Shaft Mining
36:39 Stone Shaft Mining
36:12 Fletching
36:39 Heavy Plow
37:14 Padded Archer Armor
37:40 Ballistics
38:24 Leather Archer Armor
38:14 Heavy Camel Rider
40:16 Chemistry
40:17 Plate Barding Armor
40:42 Blast Furnace
41:20 Town Patrol
41:42 Shatagni
43:04 Ring Archer Armor
43:54 Two-Man Saw
42:44 Imperial Camel Rider
48:23 Blast Furnace
47:32 Siege Engineers
51:00 Bodkin Arrow
51:55 Conscription
55:05 Murder Holes
55:21 Masonry
57:57 Hoardings
57:24 Elite Skirmisher
58:06 Bracer
58:31 Light Cavalry
60:19 Thumb Ring
61:02 Hussar
JLoos
6:04 Loom
6:59 Loom
10:10 Feudal Age
18:47 Castle Age
18:26 Double-Bit Axe
19:40 Scale Mail Armor
19:46 Scale Barding Armor
19:33 Fletching
20:31 Horse Collar
22:40 Elite Skirmisher
23:00 Pikeman
28:25 Chain Barding Armor
29:39 Chain Mail Armor
31:14 Heavy Plow
33:13 Wheelbarrow
33:55 Husbandry
34:06 Bloodlines
33:17 Light Cavalry
34:48 Bodkin Arrow
40:22 Imperial Age
37:55 Gold Mining
37:56 Stone Mining
38:46 Padded Archer Armor
40:35 Gold Shaft Mining
42:14 Hand Cart
41:45 Town Watch
42:41 Plate Barding Armor
42:18 Cavalier
43:43 Halberdier
46:33 Bow Saw
53:42 Paladin
58:03 Corvinian Army
61:31 Murder Holes
61:26 Guard Tower
sabotaaa
6:45 Loom
9:00 Feudal Age
10:12 Double-Bit Axe
18:14 Horse Collar
21:06 Castle Age
19:57 Forging
21:09 Scale Barding Armor
21:17 Gold Mining
21:42 Bloodlines
22:12 Husbandry
22:57 Bow Saw
28:56 Wheelbarrow
28:18 Town Watch
29:36 Chain Barding Armor
30:21 Iron Casting
36:52 Imperial Age
37:38 Hand Cart
37:24 Town Patrol
41:08 Elite Steppe Lancer
43:43 Chemistry
43:04 Ballistics
47:17 Blast Furnace
47:16 Fletching
47:27 Padded Archer Armor
51:35 Bodkin Arrow
51:56 Leather Archer Armor
52:21 Conscription
52:27 Bracer
61:23 Cavalier
65:32 Pikeman
66:13 Squires
66:28 Arson
Connection lost

Rejoining the realm…

Still unreachable

The connection could not be restored.

Session expired

The server has moved on; the page needs a fresh start.